 Dungeon Crawl Stone Soup version 0.26.1-10-gdfb7c7de75 (webtiles) character file.

Game seed: 2503318968395203720

16 Almogavar the Magician (level 2, -3/20 HPs)
             Began as a Gnoll Wanderer on Apr 12, 2021.
             Slain by Sigmund
             ... wielding a +4 scythe
              (14 damage)
             ... on level 2 of the Dungeon.
             The game lasted 00:04:08 (1583 turns).

Almogavar the Magician (Gnoll Wanderer)             Turns: 1583, Time: 00:04:08

Health: -3/20      AC:  2    Str: 11    XL:     2   Next: 58%
Magic:  10/10      EV: 11    Int: 14    God:
Gold:   70         SH:  0    Dex: 17    Spells: 13/15 levels left

rFire    . . .     SeeInvis .   a - +0 dagger
rCold    . . .     Faith    .   (no shield)
rNeg     . . .     Spirit   .   d - +0 robe
rPois    .         Reflect  .   (no helmet)
rElec    .         Harm     .   (no cloak)
rCorr    .         Rampage  .   (no gloves)
Will     .....                  (no boots)
Stlth    ++........             (no amulet)
HPRegen  0.06/turn              (no ring)
MPRegen  0.12/turn              (no ring)

@: no status effects
A: distributed training, fangs 1, strong nose
a: no special abilities


You were on level 2 of the Dungeon.
You visited 1 branch of the dungeon, and saw 2 of its levels.

You collected 70 gold pieces.

Inventory:

Hand Weapons
 a - a +0 dagger (weapon)
 m - a +2 arbalest of freezing
Armour
 d - a +0 robe (worn)
 g - a +0 tower shield
 j - a +0 scale mail
 l - a +0 ring mail
Scrolls
 b - a scroll of teleportation
 f - a scroll of remove curse {unknown}
 n - a scroll of identify {unknown}
Potions
 c - a potion of flight {unknown}
 e - a potion of ambrosia {unknown}
 h - a potion of curing {unknown}
 i - a potion of heal wounds {unknown}
 k - a potion of haste {unknown}


   Skills:
 + Level 0.4 Fighting
 + Level 0.4 Short Blades
 + Level 0.4 Long Blades
 + Level 0.4 Axes
 + Level 0.4 Maces & Flails
 + Level 0.4 Polearms
 + Level 0.4 Staves
 + Level 0.4 Slings
 + Level 0.4 Bows
 + Level 0.4 Crossbows
 + Level 0.4 Throwing
 + Level 0.4 Armour
 + Level 0.4 Dodging
 + Level 2.2 Stealth
 + Level 2.5 Shields
 + Level 0.4 Unarmed Combat
 + Level 7.1 Spellcasting
 + Level 0.2 Conjurations
 + Level 0.2 Hexes
 + Level 3.7 Summonings
 + Level 0.2 Necromancy
 + Level 2.0 Translocations
 + Level 0.2 Transmutations
 + Level 0.2 Fire Magic
 + Level 0.2 Ice Magic
 + Level 0.2 Air Magic
 + Level 3.7 Earth Magic
 + Level 0.2 Poison Magic
 + Level 0.5 Invocations
 + Level 0.4 Evocations


You had 13 spell levels left.
You knew the following spells:

 Your Spells              Type           Power        Failure   Level
a - Magic Dart            Conj           20%          13%         1
b - Summon Small Mammal   Summ           60%          3%          1

Your spell library contained the following spells:

 Spells                   Type           Power        Failure   Level
 Call Imp                 Summ           15%          4%          2
 Blink                    Tloc           N/A          9%          2
 Call Canine Familiar     Summ           15%          10%         3
 Slow                     Hex            5%           19%         2
 Gell's Gravitas          Tloc           5%           19%         3
 Confusing Touch          Hex            5%           36%         3
 Conjure Flame            Conj/Fire      5%           36%         3
 Mephitic Cloud           Conj/Pois/Air  5%           36%         3
 Petrify                  Tmut/Erth      10%          52%         4
 Metabolic Englaciation   Hex/Ice        2%           98%         5
 Yara's Violent Unravell  Hex/Tmut       2%           98%         5


Dungeon Overview and Level Annotations

Branches:
Dungeon (2/15)

Altars:

Annotations:
D:2 Sigmund


Innate Abilities, Weirdness & Mutations

Your experience applies equally to all skills.
You have very sharp teeth.
Your uncanny sense of smell can sniff out nearby items.


Message History

You bump into the rock wall.
Sigmund points at you and mumbles some strange words.
The magic dart hits you.
A worker ant comes into view.
You bump into the rock wall.
You bump into the rock wall.
The worker ant waves its antennae.
The worker ant bites you.
A frilled lizard comes into view.
Unknown command.
You're too confused to move!
Sigmund says, "I'm your fate." The worker ant bites you.
You bump into the rock wall.
You feel less confused. The worker ant barely misses you.
The worker ant bites you but does no damage.
Sigmund hits you from afar with a +4 scythe!
Ouch! That really hurt!
You die...

∆ ∆ #
########.############.#.#l#
................@B@.....[..
########.########.##.......
......# #..####.#.. #####.#
##.# # # #.# #.# # #.# #.##
#####.# #..# ......#
#######.######.## ......#
.................


You could see Sigmund and a worker ant.

Vanquished Creatures
  An ooze (D:2)
  2 bats (D:1)
  A giant cockroach (D:1)
  2 goblins (D:2)
  2 kobolds (D:1)
  3 rats (D:1)
11 creatures vanquished.

Notes
Turn   | Place    | Note
-------+----------+-------------------------------------------
     0 | D:1      | Almogavar the Gnoll Wanderer began the quest for the Orb.
     0 | D:1      | Almogavar set off with the following items: a +0 dagger, a
                  | scroll of teleportation, a +0 robe; and the following
                  | spells available to memorise: Summon Small Mammal, Call
                  | Imp, Blink, Call Canine Familiar, Magic Dart, Slow, Conjure
                  | Flame, Mephitic Cloud
     0 | D:1      | Reached XP level 1. HP: 13/13 MP: 8/8
     2 | D:1      | Learned a level 1 spell: Magic Dart
    10 | D:1      | Learned a level 1 spell: Summon Small Mammal
   586 | D:1      | Reached XP level 2. HP: 19/19 MP: 6/10
  1574 | D:2      | Noticed Sigmund
  1583 | D:2      | Slain by Sigmund

Illustrated notes

Levels and vault maps discovered:
D:1:      erik_arrival_blinker_ship, layout_basic, serial_curves,
          eino_curves_01, eino_curves_03, grunt_decor_one_mirror
D:2:      layout_basic, grunt_temple_overflow_open, uniq_sigmund

Skill      XL: |  1 |
---------------+----+-----
Translocations | 2 |  2.0
Fighting       | |  0.4
Short Blades   | |  0.4
Long Blades    | |  0.4
Axes           | |  0.4
Maces & Flails | |  0.4
Polearms       | |  0.4
Staves         | |  0.4
Slings         | |  0.4
Bows           | |  0.4
Crossbows      | |  0.4
Throwing       | |  0.4
Armour         | |  0.4
Dodging        | |  0.4
Stealth        | |  2.2
Shields        | |  2.5
Unarmed Combat | |  0.4
Spellcasting   | |  7.1
Conjurations   | |  0.2
Hexes          | |  0.2
Summonings     | |  3.7
Necromancy     | |  0.2
Transmutations | |  0.2
Fire Magic     | |  0.2
Ice Magic      | |  0.2
Air Magic      | |  0.2
Earth Magic    | |  3.7
Poison Magic   | |  0.2
Invocations    | |  0.5
Evocations     | |  0.4

Action                   || total
-------------------------++-------
Melee: Dagger            ||    15
       Bite              ||     3
 Cast: Magic Dart        ||    24
Armor: Robe              ||     6
Dodge: Dodged            ||    15
